 Dungeon Crawl Stone Soup version 0.30-b1-2-g02819fbbbe (webtiles) character file.

Game seed: 4790601205539452961

800 LLlMATKO the Trooper (level 7, 0/64 HPs)
             Began as a Minotaur Berserker on Aug 8, 2023.
             Was a Priest of Trog.
             Slain by an adder (2 damage)
             ... on level 5 of the Dungeon.
             The game lasted 00:04:35 (3146 turns).

LLlMATKO the Trooper (Minotaur Berserker)           Turns: 3146, Time: 00:04:35

Health: 0/64       AC:  2    Str: 23    XL:     7   Next: 59%
Magic:  6/6        EV: 10    Int:  4    God:    Trog [***...]
Gold:   247        SH:  0    Dex: 10    Spells: 6/6 levels left

rFire   . . .        a - +1 hand axe
rCold   . . .        (no shield)
rNeg    . . .        t - +0 chain mail
rPois   .            (helmet restricted)
rElec   .            (no cloak)
rCorr   .            (no gloves)
SInv    .            (no boots)
Will    .....        (no amulet) Stlth
                     (no ring)
HPRegen 0.30/turn    (no ring)
MPRegen 0.10/turn

%: no passive effects
@: corroded
A: horns 2, retaliatory headbutt
a: Renounce Religion, Berserk, Trog's Hand


You were on level 5 of the Dungeon.
You worshipped Trog.
Trog was most pleased with you.
You visited 1 branch of the dungeon, and saw 6 of its levels.
You also visited: Sewer.

You collected 247 gold pieces.

Inventory:

Hand Weapons
 a - a +1 hand axe (weapon)
Missiles
 b - 9 poisoned darts (quivered)
Armour
 t - a +0 chain mail (worn)
Jewellery
 c - an amulet of reflection
 h - a ring of see invisible
 n - a +6 ring of strength
 r - an amulet of magic regeneration
Wands
 f - a wand of charming (8)
Scrolls
 d - 4 scrolls of teleportation
 e - 2 scrolls of vulnerability
 g - 4 scrolls of identify
 m - 2 scrolls of enchant weapon
 s - a scroll of enchant armour
 u - a scroll of acquirement {unknown}
Potions
 i - a potion of degeneration {unknown}
 j - 2 potions of curing {unknown}
 k - 2 potions of attraction {unknown}
 l - a potion of berserk rage
 o - 2 potions of cancellation {unknown}
 p - a potion of magic {unknown}
 q - a potion of mutation {unknown}


   Skills:
 + Level 6.3 Fighting
 + Level 6.2 Axes
 + Level 5.5 Armour
 + Level 5.0 Dodging


You had 6 spell levels left.
You didn't know any spells.
Your spell library was empty.

Dungeon Overview and Level Annotations

Branches:
Dungeon (6/15)              Sewer (visited)
 Temple: D:4-7

Altars:
Kikubaaqudgha
Sif Muna

Annotations:
D:4 1 runed translucent door, diceflayer's ghost, amateur DsGl
D:6 Prince Ribbit


Innate Abilities, Weirdness & Mutations

You have a pair of horns on your head.
You reflexively headbutt those who attack you in melee.


Message History

The phantom hits you.
* * * LOW HITPOINT WARNING * * *
You closely miss the phantom.
The phantom is lightly damaged.
The phantom hits you.
* * * LOW HITPOINT WARNING * * *
The phantom blinks!
You blink.
Found a stone staircase leading up.
Unknown command.
The phantom barely misses you. The phantom attacks as you move away!
The phantom barely misses you.
There is a stone staircase leading up here.
The phantom hits you.
* * * LOW HITPOINT WARNING * * *
The phantom blinks!
You blink.
You stop ascending the stairs.
You hit the phantom but do no damage.
The phantom is lightly damaged.
The phantom closely misses you.
Unknown command.
You barely miss the phantom.
The phantom is lightly damaged.
You slash the jelly!
You kill the jelly!
Trog accepts your kill. The phantom misses you.
Unknown command.
You barely miss the phantom.
The phantom is lightly damaged.
You recover from your berserk rage.
The phantom hits you.
* * * LOW HITPOINT WARNING * * *
The phantom blinks!
You blink.
Unknown command.
You hit the phantom but do no damage.
The phantom is lightly damaged.
The phantom misses you. You furiously retaliate!
You headbutt the phantom.
Unknown command.
You hit the phantom but do no damage.
The phantom is moderately damaged.
You miss the adder. The adder bites you.
You die...

.##..#...........#
.................#
#####...........#
#...........#
##..........#
##........##
##§.......##
#.S........#
#.@........#
#.W........# #
#..........#..
#..†.........#
######>†......$...
#...............##
#...#######.........
. ........#..#####
##....###.##


You could see a phantom and an adder.

Vanquished Creatures
  Sigmund (D:3)
  Pargi (Sewer)
  An ice beast (D:5)
  A black bear (D:5)
  A jelly (D:5)
  2 iguanas
  Jessica (D:3)
  An orc wizard (D:3)
  Robin (D:3)
  4 gnolls (D:3)
  4 adders (D:2)
  A white imp (D:4)
  An ufetubus (D:5)
  4 worms
  3 dart slugs
  3 orcs
  12 bats
  4 endoplasms
  14 giant cockroaches
  12 hobgoblins
  2 jackals (D:3)
  4 quokkas
  7 ball pythons
  6 frilled lizards
  12 goblins
  4 kobolds
  9 rats
116 creatures vanquished.

Notes
Turn   | Place    | Note
-------+----------+-------------------------------------------
     0 | D:1      | LLlMATKO the Minotaur Berserker began the quest for the
                  | Orb.
     0 | D:1      | Reached XP level 1. HP: 19/19 MP: 0/0
    68 | D:1      | Reached XP level 2. HP: 22/27 MP: 1/1
   313 | D:1      | Found a faded altar of an unknown god.
   409 | D:1      | Reached ** piety under Trog
   540 | D:1      | Reached XP level 3. HP: 33/33 MP: 2/2
   899 | D:2      | Reached XP level 4. HP: 41/41 MP: 3/3
  1544 | D:3      | Found a shimmering blue altar of Sif Muna.
  1654 | D:3      | Reached XP level 5. HP: 36/47 MP: 4/4
  1701 | D:3      | Noticed Jessica
  1710 | D:3      | Killed Jessica
  1796 | D:3      | Reached *** piety under Trog
  1797 | D:3      | Reached skill level 5 in Fighting
  1902 | D:3      | Reached skill level 5 in Axes
  1969 | D:3      | Noticed Robin
  1975 | D:3      | Noticed Sigmund
  1978 | D:3      | Killed Robin
  1982 | D:3      | Reached XP level 6. HP: 54/56 MP: 5/5
  1989 | D:3      | Killed Sigmund
  2074 | D:3      | Found a glowing drain.
  2090 | Sewer    | Entered a sewer
  2112 | Sewer    | Noticed Pargi
  2119 | Sewer    | Killed Pargi
  2120 | Sewer    | Reached skill level 5 in Armour
  2120 | Sewer    | Reached XP level 7. HP: 62/62 MP: 6/6
  2661 | D:4      | Found an ancient bone altar of Kikubaaqudgha.
  3018 | D:4      | Found a runed translucent door.
  3021 | D:4      | Noticed diceflayer's ghost (amateur DsGl)
  3051 | D:4      | You fall into a shaft and drop 2 floors!
  3089 | D:6      | Noticed Prince Ribbit
  3101 | D:5      | Entered Level 5 of the Dungeon
  3126 | D:5      | Reached skill level 5 in Dodging
  3141 | D:5      | HP: 2/63 [phantom (6)]
  3146 | D:5      | Slain by an adder

Illustrated notes

Levels and vault maps discovered:
D:1:      roderic_crossed_star, layout_basic,
          hellmonk_ecumenical_altar_inner_sanctum, dk_noncrumbling_2, hex_large,
          minmay_pentomino_u4
D:2:      layout_loops_ring
D:3:      minmay_roachtagon, layout_basic, nicolae_sif_muna_condensation,
          cheibrodos_sewer_entry_bend, kennysheep_cluttered_room,
          kennysheep_generic_room_9, uniq_sigmund, uniq_jessica, uniq_robin
D:4:      layout_basic, kiku_gazebo_garden_becter, ebering_ghost_sewer_f,
          grunt_decor_mini_mirrors
D:5:      layout_rooms, mainiacjoe_overflow_chevrons, serial_rivers,
          chequers_serial_rivers_small_a, chequers_serial_rivers_micro_d,
          chequers_serial_rivers_micro_a, chequers_serial_rivers_room_b,
          lightli_minifort
D:6:      layout_loops_corners, lemuel_round_altar,
          grunt_temple_overflow_diamond, serial_bayou_pond_d, uniq_grinder,
          uniq_prince_ribbit1

Skill      XL: |  1  2  3  4  5  6  7 |
---------------+----------------------+-----
Fighting       | 4 5 6 |  6.3
Axes           | 4 5 6 |  6.2
Armour         | 3 4 5 |  5.5
Dodging        | 3 4 5 |  5.0

Action                     |  1- 3 |  4- 6 |  7- 9 || total
---------------------------+-------+-------+-------++-------
  Melee: Hand axe          |    80 |   114 |    46 ||   240
         Headbutt          |     9 |    13 |    10 ||    32
         Punch             |     1 |     3 |     1 ||     5
 Invoke: Berserk           |     1 |     3 |     1 ||     5
    Use: Scroll            |       |     8 |     1 ||     9
 Armour: Animal skin       |     7 |       |       ||     7
         Ring mail         |    15 |     7 |       ||    22
         Scale mail        |       |    34 |       ||    34
         Chain mail        |       |       |    13 ||    13
  Dodge: Dodged            |    66 |    75 |    34 ||   175
